 Dungeon Crawl Stone Soup version 0.20.1-1-g8b1a95d (webtiles) character file.

51 Jerry the Slasher (level 3, 0/29 HPs)
             Began as a Demonspawn Chaos Knight on Oct 23, 2017.
             Slain by Terence
             ... wielding a +1 flail of protection
              (14 damage)
             ... on level 2 of the Dungeon.
             The game lasted 00:02:43 (952 turns).

Jerry the Slasher (Demonspawn Chaos Knight)          Turns: 952, Time: 00:02:43

Health: 0/29       AC: 10    Str: 13    XL:     3   Next: 57%
Magic:  3/3        EV: 11    Int: 13    God:    Xom [..*...]
Gold:   89         SH:  4    Dex: 12    Spells: 2/2 levels left

rFire    . . .     SeeInvis .   a - +0 falchion (chaos)
rCold    . . .     Gourm    .   (no shield)
rNeg     . . .     Faith    .   b - +2 leather armour
rPois    .         Spirit   .   (no helmet)
rElec    .         Reflect  .   (no cloak)
rCorr    .         Harm     .   n - +0 pair of gloves
MR       .....                  (no boots)
Stlth    +.........             (no amulet)
Regen    0.1/turn               i - +4 ring of protection
MPRegen  0.1/turn               (no ring)

@: no status effects
A: claws 1, large bone plates 1
a: Renounce Religion


You were on level 2 of the Dungeon.
You worshipped Xom.
You were a toy of Xom.
You were not hungry.

You visited 1 branch of the dungeon, and saw 2 of its levels.

You collected 89 gold pieces.

Inventory:

Hand Weapons
 a - a +0 falchion of chaos (weapon)
Missiles
 l - a throwing net (quivered)
Armour
 b - a +2 leather armour (worn)
 n - a +0 pair of gloves (worn)
Jewellery
 i - a +4 ring of protection (left hand)
Scrolls
 j - a scroll of blinking {unknown}
 k - a scroll of identify {unknown}
 m - a scroll of amnesia {unknown}
Potions
 e - a potion of berserk rage {unknown}
 g - a potion of heal wounds {unknown}
Comestibles
 c - 2 bread rations
 d - a meat ration
 f - a chunk of flesh
 h - 6 fruits


   Skills:
 + Level 3.2 Fighting
 * Level 3.3 Long Blades
 + Level 2.4 Armour
 + Level 1.4 Dodging


You had 2 spell levels left.
You didn't know any spells.

Dungeon Overview and Level Annotations

Branches:
Dungeon (2/15)

Altars:
Trog

Annotations:
D:2 Terence


Innate Abilities, Weirdness & Mutations

You have sharp fingernails.
You are partially covered in large bone plates. (SH +4)


Message History

Motes of dust swirl around Terence.
Terence is moderately wounded.
Terence closely misses you.
You barely miss Terence.
Terence is moderately wounded.
Terence hits you but does no damage.
Terence hits you with a flail of protection!
You barely miss Terence.
Terence is moderately wounded.
You block Terence's attack.
You hit Terence.
Terence is heavily wounded.
Terence closely misses you.
You riposte.
You hit Terence but do no damage.
Terence looks even sicker.
Terence is heavily wounded.
Terence hits you with a flail of protection.
You hit Terence but do no damage.
Terence is heavily wounded.
Terence hits you with a flail of protection!
You die...

#..........
####.....⌠....#
#.............#
#......_.....#
#............#
#.....?.......
#....@.....#
#.....@...#
#.........##.#
#............#
########'#####
#.# #.# #.# #.#
#.# #.# #.#


You could see Terence (berserk).

Vanquished Creatures
  An ooze (D:1)
  2 dart slugs (D:1)
  A giant cockroach (D:1)
  7 goblins (D:1)
  5 hobgoblins (D:1)
  4 jackals (D:1)
  6 kobolds
  A ball python (D:1)
  3 bats (D:1)
  3 frilled lizards (D:1)
  8 rats
41 creatures vanquished.

Notes
Turn   | Place    | Note
-------+----------+-------------------------------------------
     0 | D:1      | Jerry the Demonspawn Chaos Knight began the quest for the Orb.
     0 | D:1      | Reached XP level 1. HP: 18/18 MP: 1/1
     7 | D:1      | Reached skill level 1 in Dodging
    55 | D:1      | Gained mutation: You have sharp fingernails. [demonic ancestry]
    55 | D:1      | Reached XP level 2. HP: 23/24 MP: 2/2
   309 | D:1      | Gained mutation: You are partially covered in large bone plates. (SH +4) [demonic ancestry]
   309 | D:1      | Reached XP level 3. HP: 20/29 MP: 3/3
   923 | D:2      | XOM: harmless Fire miscast
   934 | D:2      | Found a bloodstained altar of Trog.
   934 | D:2      | Noticed Terence
   952 | D:2      | Slain by Terence

Skill      XL: |  1  2 |
---------------+-------+-----
Dodging        | 1 |  1.4
Armour         | 2 |  2.4
Long Blades    | 3 |  3.3
Fighting       | |  3.2

Action                   || total
-------------------------++-------
Melee: Falchion          ||   101
 Stab: Confused          ||     1
Armor: Leather armour    ||    41
Dodge: Dodged            ||    52
Block: Other             ||     8
       Rpst.: Falchion   ||    20
